 Dungeon Sprint DCSS version 0.17.1-1-g73c8601 (webtiles) character file.

54273 hexophile the Slayer (level 14, -5/154 HPs)
             Began as a Ghoul Gladiator on Dec 24, 2015.
             Was the Champion of Makhleb.
             Slain by an apis (30 damage)
             ... in the Dungeon (Sprint V: "Ziggurat Sprint").
             The game lasted 00:06:53 (1329 turns).

hexophile the Slayer (Ghoul Gladiator)              Turns: 1329, Time: 00:06:53

Health: -5/154     AC: 33    Str: 31    XL:     14   Next: 72%
Magic:  24/24      EV:  2    Int:  7    God:    Makhleb [******]
Gold:   0          SH: 33    Dex: 11    Spells: 2 memorised, 7 levels left

rFire  + + .     SeeInvis +     I - +14 obsidian axe {chop, +Fly Str+3 SInv *Curse} (curse)
rCold  + + .     Clarity  .     C - +12 gold dragon armour {rC+ rF+ rPois}
rNeg   + + +     SustAt   .     H - +18 shield of the gong {rElec rN+ MR+ EV-5}
rPois  ∞         Gourm    .     A - +1 helmet
rElec  +         Spirit   .     (no cloak)
rCorr  .         Warding  .     (no gloves)
rMut   .         NoTele   +     (no boots)
MR     ++++.                    L - amulet of the Lily {Inacc MR++ Str+4}
Stlth  ..........               D - ring "Fyriluhouga" {MR+ Str+4 Dex+2 SInv Stlth-}
                                K - ring of Niezeudi {rF+ rN+ MR- Slay+3}

@: mesmerised, very slightly contaminated, rotting, glowing, studying Shields,
incredibly resistant to hostile enchantments, extremely unstealthy
A: rotting body, claws 1, carnivore 3, cold resistance 1, negative energy
resistance 3, slow regeneration 1, torment resistance, unbreathing
a: Minor Destruction, Lesser Servant of Makhleb, Major Destruction, Greater
Servant of Makhleb, Renounce Religion, Evoke Flight


You were in the Dungeon.
You worshipped Makhleb.
Makhleb was exalted by your worship.
You were not hungry.

You visited 1 branch


Innate Abilities, Weirdness & Mutations

Your body is rotting away.
You thrive on raw meat.
You are immune to poison.
You have sharp fingernails.
You are carnivorous and can eat meat at any time.
Your flesh is cold resistant.
You are immune to negative energy.
You regenerate slowly when monsters are visible.
You are immune to unholy pain and torment.
You can survive without breathing.

Inventory:

Hand Weapons
 I - the cursed +14 obsidian axe (weapon) {chop, +Fly Str+3 SInv *Curse}
   (You found it in the Dungeon)

   It inflicts extra damage upon your enemies.
   It affects your strength (+3).
   It lets you see invisible.
   It lets you fly.
   It may re-curse itself when equipped.
   It has a curse placed upon it.
Missiles
 F - 3 throwing nets (quivered) {+f}
Armour
 A - a +1 helmet (worn)
 C - a +12 gold dragon armour (worn) {rC+ rF+ rPois}
 H - the +18 shield of the gong (worn) {rElec rN+ MR+ EV-5}
   (You found it in the Dungeon)

   It affects your evasion (-5).
   It insulates you from electricity.
   It protects you from negative energy.
   It affects your resistance to hostile enchantments.
Jewellery
 a - a +6 ring of strength
 b - a +6 ring of strength
 D - the ring "Fyriluhouga" (right claw) {MR+ Str+4 Dex+2 SInv Stlth-}
   (You found it in the Dungeon)

   [ring of dexterity]

   It affects your strength (+4).
   It affects your dexterity (+2).
   It affects your resistance to hostile enchantments.
   It lets you see invisible.
   It makes you less stealthy.
 K - the ring of Niezeudi (left claw) {rF+ rN+ MR- Slay+3}
   (You found it in the Dungeon)

   [ring of protection from fire]

   It affects your accuracy and damage with ranged weapons and melee attacks
   (+3).
   It protects you from fire.
   It protects you from negative energy.
   It affects your resistance to hostile enchantments.
 L - the amulet of the Lily (around neck) {Inacc MR++ Str+4}
   (You found it in the Dungeon)

   [amulet of inaccuracy]

   It reduces the accuracy of all your attacks.
   It affects your strength (+4).
   It affects your resistance to hostile enchantments.
Wands
 c - a wand of disintegration (7)
 x - a wand of fire (5)
 y - a wand of cold (5)
 z - a wand of draining (5)
Scrolls
 k - 3 scrolls of blinking
 q - 3 scrolls of recharging
 s - 5 scrolls of identify
 t - 5 scrolls of remove curse
 u - 2 scrolls of fear
 w - 7 scrolls of fog
 G - 4 scrolls of enchant weapon
 N - 3 scrolls of brand weapon
Potions
 d - 2 potions of brilliance {Archmagi Int+5 Wiz++}
 g - 9 potions of heal wounds
 h - 5 potions of haste
 i - 7 potions of magic
 j - 3 potions of berserk rage
 l - 2 potions of invisibility
 m - 4 potions of resistance {rF+ rC+ rPois rElec rCorr}
 n - 10 potions of curing
 o - 6 potions of agility {Stlth+ Dex+5 EV+5}
 p - 5 potions of might {Str+5 DMG+1d10}
Books
 P - a manual of Shields
Miscellaneous
 f - a fan of gales
 v - a disc of storms
 E - a stone of tremors
 J - a lamp of fire
 M - a sack of spiders
 O - a phial of floods
Comestibles
 e - 5 meat rations
 r - 4 bread rations
 B - 42 fruits


You had 7 spell levels left.
You knew the following spells:

 Your Spells              Type           Power        Failure   Level  Hunger
a - Repel Missiles        Chrm/Air       #.....       100%        2    ###....
b - Animate Dead          Necr           N/A          100%        4    #####..


   Skills:
 * Level 22.0 Fighting
 - Level 17.1 Axes
 - Level 1.7 Throwing
 - Level 12.5 Armour
 - Level 2.6 Dodging
 * Level 15.6 Shields
 - Level 12.1 Invocations
 * Level 15.6 Evocations

Dungeon Overview and Level Annotations

Branches:
Dungeon (1/1)

Altars:
Ashenzari
Cheibriados
Dithmenos
Elyvilon
Fedhas
Gozag
Kikubaaqudgha
Makhleb
Nemelex Xobeh
Okawaru
Qazlal
Ru
Sif Muna
Trog
Vehumet
Xom
Yredelemnul
Zin
The Shining One
Beogh
Jiyva
Lugonu

Vault maps used:
D:        sprint_v
You       could see an apis (roused), 4 daevas, a pearl dragon (roused), 3
          angels, an ophan (roused) and 3 cherubim.


Message History

Something smites you! !MASSIVE DAMAGE!
YOU LOST 31 HP!
You have now: 86/154 HP.
The daeva blocks your attack.
You closely miss the angel.
The angel is lightly wounded.
You hit the ophan.
The ophan is lightly wounded.
You slash the apis!
The apis is moderately wounded.
You miss the angel.
The angel is moderately wounded.
You slice the angel!!
The angel is moderately wounded.
Visions of slaying the ophan flood into your mind.
The daeva hits you with a scimitar of holy wrath.
You convulse.
You block the daeva's attack.
PANG!
The angel hits you but does no damage.
The angel hits you with a sacred scourge of holy wrath.
You convulse.
The cherub zaps a wand.
The cherub seems to speed up.
The cherub sings a powerful hymn!
The daeva is roused by the hymn!
The daeva calls down the wrath of the Shining One upon you.
Something smites you!
You lost 19 HP.
You have now: 67/154 HP.
Unknown command.
You slash the daeva!
The daeva is lightly wounded.
You slice the angel!!
The angel is moderately wounded.
You completely miss the ophan.
The ophan is lightly wounded.
You hit the angel.
The angel is moderately wounded.
You slash the apis!
The apis is moderately wounded.
You slash the angel!
The angel is heavily wounded.
Visions of slaying the angel flood into your mind.
You block the angel's attack.
PANG!
You block the angel's attack.
GONNNNG!
The daeva calls down the wrath of the Shining One upon you.
Something smites you!
* * * LOW HITPOINT WARNING * * *
The apis gores you!!
* * * LOW HITPOINT WARNING * * *
The apis sears you!!
You die...

Action                   |  1- 3 |  4- 6 |  7- 9 | 10-12 | 13-15 || total
-------------------------+-------+-------+-------+-------+-------++-------
Melee: Broad axe         |     2 |    12 |    21 |   133 |   104 ||   272
  Use: Potion            |     1 |     1 |       |     2 |       ||     4
       Scroll            |       |       |       |     8 |     1 ||     9
 Stab: Distracted        |       |       |       |     1 |     1 ||     2
  Eat: Chunk             |       |       |     2 |     2 |       ||     4

Notes
Turn   | Place    | Note
--------------------------------------------------------------
     0 | D        | hexophile the Ghoul Gladiator began the quest for the Orb.
     0 | D        | Reached XP level 1. HP: 17/17 MP: 0/0
     0 | D        | Found a roughly hewn altar of Beogh.
     0 | D        | Found a corrupted altar of Lugonu.
     0 | D        | Found a viscous altar of Jiyva.
     0 | D        | Found a white marble altar of Elyvilon.
     0 | D        | Found a sparkling altar of Nemelex Xobeh.
     0 | D        | Found a burning altar of Makhleb.
     0 | D        | Found an iron altar of Okawaru.
     0 | D        | Found a deep blue altar of Sif Muna.
     0 | D        | Found a radiant altar of Vehumet.
     0 | D        | Found a bloodstained altar of Trog.
     0 | D        | Found a shimmering altar of Xom.
    28 | D        | Became a worshipper of Makhleb the Destroyer
    59 | D        | Reached skill level 7 in Axes
    59 | D        | Reached XP level 2. HP: 24/24 MP: 1/1
   144 | D        | Entered arena 1.
   144 | D        | Noticed a necrophage
   144 | D        | Noticed a necrophage
   147 | D        | Killed a necrophage
   147 | D        | Reached skill level 9 in Axes
   147 | D        | Reached XP level 3. HP: 24/29 MP: 2/2
   147 | D        | Reached XP level 4. HP: 29/36 MP: 3/3
   147 | D        | Killed a necrophage
   147 | D        | Reached skill level 11 in Axes
   147 | D        | Reached XP level 5. HP: 33/41 MP: 4/4
   151 | D        | Got the cursed +1 battleaxe of Tuefrog {vamp, rElec rPois Dex-3 Stlth-}
   157 | D        | Entered arena 2.
   157 | D        | Noticed a merfolk
   157 | D        | Noticed a merfolk
   157 | D        | Noticed a merfolk
   170 | D        | Killed a merfolk
   170 | D        | Reached * piety under Makhleb
   170 | D        | Reached skill level 13 in Axes
   170 | D        | Reached XP level 6. HP: 39/48 MP: 5/5
   174 | D        | Killed a merfolk
   174 | D        | Reached skill level 14 in Axes
   174 | D        | Reached XP level 7. HP: 24/55 MP: 6/6
   175 | D        | Killed a merfolk
   175 | D        | Reached ** piety under Makhleb
   175 | D        | Reached skill level 15 in Axes
   353 | D        | Entered arena 3.
   353 | D        | Noticed a black bear
   353 | D        | Noticed a spriggan
   353 | D        | Noticed a spriggan
   353 | D        | Noticed a wolf
   355 | D        | Killed a wolf
   355 | D        | Reached XP level 8. HP: 61/61 MP: 7/7
   356 | D        | Killed a spriggan
   357 | D        | Killed a black bear
   357 | D        | Reached *** piety under Makhleb
   360 | D        | Killed a spriggan
   360 | D        | Reached skill level 16 in Axes
   364 | D        | Identified the Grimoire of Fate
   369 | D        | Learned a level 2 spell: Repel Missiles
   371 | D        | Entered arena 4.
   371 | D        | Noticed a deep elf conjurer
   371 | D        | Noticed a deep elf conjurer
   371 | D        | Noticed a deep elf mage
   371 | D        | Noticed a deep elf knight
   377 | D        | Killed a deep elf conjurer
   377 | D        | Reached skill level 17 in Axes
   377 | D        | Reached XP level 9. HP: 64/67 MP: 8/8
   380 | D        | Killed a deep elf conjurer
   380 | D        | Reached **** piety under Makhleb
   380 | D        | Reached skill level 4 in Fighting
   380 | D        | Reached skill level 3 in Armour
   380 | D        | Reached skill level 3 in Shields
   380 | D        | Killed a deep elf mage
   380 | D        | Reached skill level 5 in Fighting
   382 | D        | Killed a deep elf knight
   382 | D        | Reached skill level 6 in Fighting
   382 | D        | Reached skill level 5 in Armour
   382 | D        | Reached skill level 5 in Shields
   386 | D        | Entered arena 5.
   386 | D        | Noticed a troll
   386 | D        | Noticed an ogre
   386 | D        | Noticed a troll
   386 | D        | Noticed an ogre
   386 | D        | Noticed an ogre
   388 | D        | Killed an ogre
   388 | D        | Reached ***** piety under Makhleb
   390 | D        | Killed an ogre
   390 | D        | Reached skill level 7 in Fighting
   391 | D        | Killed an ogre
   393 | D        | Killed a troll
   393 | D        | Reached XP level 10. HP: 83/86 MP: 9/9
   394 | D        | Killed a troll
   394 | D        | Reached skill level 6 in Armour
   394 | D        | Reached skill level 6 in Shields
   399 | D        | Got the ring "Fyriluhouga" {MR+ Str+4 Dex+2 SInv Stlth-}
   405 | D        | Entered arena 6.
   405 | D        | Noticed a lorocyproca
   405 | D        | Noticed a quasit
   405 | D        | Noticed a crimson imp
   405 | D        | Noticed a quasit
   405 | D        | Noticed a crimson imp
   408 | D        | Killed a quasit
   408 | D        | Reached skill level 8 in Fighting
   409 | D        | Killed a quasit
   410 | D        | Killed a crimson imp
   410 | D        | Reached ****** piety under Makhleb
   412 | D        | Killed a crimson imp
   418 | D        | Killed a lorocyproca
   418 | D        | Reached skill level 9 in Fighting
   418 | D        | Reached skill level 7 in Armour
   418 | D        | Reached skill level 7 in Shields
   496 | D        | Entered arena 7.
   496 | D        | Noticed a draconian
   496 | D        | Noticed a yellow draconian
   496 | D        | Noticed a white draconian
   496 | D        | Noticed a draconian
   496 | D        | Noticed a draconian
   496 | D        | Noticed a draconian
   501 | D        | Killed a draconian
   505 | D        | Killed a draconian
   505 | D        | Reached skill level 8 in Armour
   505 | D        | Reached skill level 8 in Shields
   507 | D        | Killed a draconian
   507 | D        | Reached skill level 10 in Fighting
   510 | D        | Killed a white draconian
   510 | D        | Reached skill level 9 in Armour
   510 | D        | Reached skill level 9 in Shields
   512 | D        | Killed a draconian
   512 | D        | Reached skill level 11 in Fighting
   512 | D        | Reached XP level 11. HP: 100/102 MP: 10/10
   517 | D        | Killed a yellow draconian
   522 | D        | Entered arena 8.
   522 | D        | Noticed a wolf
   522 | D        | Noticed a komodo dragon
   522 | D        | Noticed a four-headed hydra
   527 | D        | Killed a wolf
   529 | D        | Killed an eight-headed hydra
   529 | D        | Reached skill level 12 in Fighting
   529 | D        | Reached skill level 10 in Armour
   529 | D        | Reached skill level 10 in Shields
   534 | D        | Killed a komodo dragon
   554 | D        | Got the cursed +0 scale mail of the Pure Mice {*Drain Dex+6}
   564 | D        | Learned a level 4 spell: Animate Dead
   564 | D        | Entered arena 9.
   564 | D        | Noticed a water moccasin
   564 | D        | Noticed a naga
   564 | D        | Noticed a black mamba
   564 | D        | Noticed a water moccasin
   564 | D        | Noticed a naga
   564 | D        | Noticed a naga
   567 | D        | Killed a water moccasin
   570 | D        | Killed a water moccasin
   571 | D        | Killed a black mamba
   572 | D        | Killed a naga
   573 | D        | Killed a naga
   574 | D        | Killed a naga
   590 | D        | Entered arena 10.
   590 | D        | Noticed an anubis guard
   590 | D        | Noticed a guardian mummy
   590 | D        | Noticed an anubis guard
   590 | D        | Noticed a guardian mummy
   594 | D        | Killed a guardian mummy
   597 | D        | Killed an anubis guard
   597 | D        | Reached skill level 13 in Fighting
   597 | D        | Killed a guardian mummy
   597 | D        | Reached skill level 11 in Armour
   597 | D        | Reached skill level 11 in Shields
   602 | D        | Killed an anubis guard
   606 | D        | Got the +7 plate armour "Ygiog" {-Cast rN+ Str+2 Int+10}
   610 | D        | Got the ring of Niezeudi {rF+ rN+ MR- Slay+3}
   615 | D        | Got the cursed +3 broad axe of Hacking and Slashing {chop, rPois Str+3}
   618 | D        | Got the amulet of the Lily {Inacc MR++ Str+4}
   623 | D        | Entered arena 11.
   623 | D        | Noticed a vampire
   623 | D        | Noticed a shadow
   623 | D        | Noticed a lich
   623 | D        | Noticed a vampire knight
   623 | D        | Noticed a necromancer
   624 | D        | Noticed a necrophage
   624 | D        | Noticed a shadow
   624 | D        | Noticed a wight
   624 | D        | Noticed a wight
   628 | D        | Killed a necrophage
   630 | D        | Killed a shadow
   630 | D        | Killed a shadow
   630 | D        | Killed a wight
   632 | D        | Noticed an eldritch tentacle
   634 | D        | Noticed a shadow wraith
   634 | D        | Noticed a shadow wraith
   634 | D        | Killed a necromancer
   634 | D        | Killed a vampire
   635 | D        | Killed a lich
   635 | D        | Reached skill level 14 in Fighting
   635 | D        | Reached skill level 12 in Armour
   635 | D        | Reached skill level 12 in Shields
   635 | D        | Reached XP level 12. HP: 114/118 MP: 11/11
   637 | D        | Killed a wight
   637 | D        | Killed a vampire knight
   639 | D        | Killed an eldritch tentacle
   647 | D        | Identified the Volume of Shifting Earth
   652 | D        | Entered arena 12.
   652 | D        | Noticed a siren
   652 | D        | Noticed a snapping turtle
   652 | D        | Noticed a sea snake
   652 | D        | Noticed a merfolk impaler
   652 | D        | Noticed a wind drake
   653 | D        | Noticed a water nymph
   653 | D        | Noticed a water elemental
   653 | D        | Noticed a merfolk aquamancer
   653 | D        | Noticed a merfolk impaler
   653 | D        | Noticed a merfolk aquamancer
   653 | D        | Noticed a merfolk impaler
   657 | D        | Killed a sea snake
   657 | D        | Reached skill level 1 in Invocations
   657 | D        | Reached skill level 1 in Evocations
   657 | D        | Killed a wind drake
   657 | D        | Reached skill level 15 in Fighting
   657 | D        | Reached skill level 2 in Evocations
   668 | D        | Killed a water elemental
   668 | D        | Reached skill level 2 in Invocations
   669 | D        | Killed a merfolk aquamancer
   669 | D        | Reached skill level 3 in Evocations
   669 | D        | Killed a water nymph
   669 | D        | Reached skill level 3 in Invocations
   676 | D        | Killed a merfolk aquamancer
   676 | D        | Reached skill level 4 in Evocations
   677 | D        | Killed a siren
   677 | D        | Reached skill level 4 in Invocations
   686 | D        | Killed a snapping turtle
   686 | D        | Reached skill level 5 in Evocations
   693 | D        | Killed a merfolk impaler
   693 | D        | Reached skill level 16 in Fighting
   694 | D        | Killed a merfolk impaler
   694 | D        | Reached skill level 5 in Invocations
   694 | D        | Reached skill level 6 in Evocations
   697 | D        | Killed a merfolk impaler
   752 | D        | Identified the Collected Works on the Mountains
   885 | D        | Entered arena 13.
   886 | D        | Noticed a merfolk impaler
   886 | D        | Noticed a merfolk
   886 | D        | Noticed a siren
   886 | D        | Noticed a water elemental
   886 | D        | Noticed a merfolk impaler
   887 | D        | Noticed a wind drake
   887 | D        | Noticed a merfolk javelineer
   887 | D        | Noticed a merfolk aquamancer
   887 | D        | Noticed a merfolk aquamancer
   887 | D        | Noticed a merfolk javelineer
   888 | D        | Noticed a centaur
   889 | D        | Noticed a merfolk javelineer
   893 | D        | Killed a water elemental
   895 | D        | Killed a centaur
   905 | D        | Killed a merfolk javelineer
   905 | D        | Reached skill level 6 in Invocations
   905 | D        | Reached skill level 7 in Evocations
   905 | D        | Killed a merfolk aquamancer
   911 | D        | Killed a siren
   913 | D        | Killed a merfolk
   913 | D        | Killed a wind drake
   913 | D        | Reached skill level 8 in Evocations
   915 | D        | Killed a merfolk javelineer
   915 | D        | Reached skill level 17 in Fighting
   915 | D        | Reached skill level 7 in Invocations
   915 | D        | Reached XP level 13. HP: 130/132 MP: 16/18
   921 | D        | Killed a merfolk impaler
   925 | D        | Killed a merfolk javelineer
   925 | D        | Reached skill level 9 in Evocations
   927 | D        | Killed a merfolk aquamancer
   929 | D        | Killed a merfolk impaler
   932 | D        | Got the +4 war axe "Etsin" {freeze, *Noise Int+4}
   943 | D        | Got the ring "Vudukost" {SustAt MR+}
   948 | D        | Entered arena 14.
   949 | D        | Noticed a rust devil
   949 | D        | Noticed Zauni the pandemonium lord
   949 | D        | Noticed a blizzard demon
   949 | D        | Noticed a smoke demon
   949 | D        | Noticed a sixfirhy
   949 | D        | Noticed a sixfirhy
   950 | D        | Noticed a chaos spawn
   950 | D        | Noticed a blue devil
   950 | D        | Noticed a chaos spawn
   950 | D        | Noticed an Ice Fiend
   950 | D        | Noticed a neqoxec
   950 | D        | Noticed Ecehafal the pandemonium lord
   950 | D        | Noticed a sixfirhy
   953 | D        | Killed a sixfirhy
   953 | D        | Reached skill level 8 in Invocations
   955 | D        | Killed a blue devil
   956 | D        | Killed a rust devil
   958 | D        | Killed a sixfirhy
   958 | D        | Killed a smoke demon
   958 | D        | Reached skill level 18 in Fighting
   958 | D        | Reached skill level 10 in Evocations
   958 | D        | Killed a sixfirhy
   963 | D        | Killed a chaos spawn
   966 | D        | Killed a chaos spawn
   967 | D        | Killed Zauni the pandemonium lord
   967 | D        | Reached skill level 9 in Invocations
   967 | D        | Reached skill level 11 in Evocations
   967 | D        | Killed a neqoxec
   970 | D        | Killed a blizzard demon
   974 | D        | Killed an Ice Fiend
   974 | D        | Reached skill level 19 in Fighting
   974 | D        | Reached skill level 10 in Invocations
   976 | D        | Killed Ecehafal the pandemonium lord
   976 | D        | Reached skill level 12 in Evocations
  1130 | D        | Entered arena 15.
  1130 | D        | Noticed a wight
  1130 | D        | Noticed a vampire mage
  1131 | D        | Noticed a wight
  1133 | D        | Noticed a necromancer
  1134 | D        | Noticed an ancient lich
  1134 | D        | Noticed a shadow
  1134 | D        | Noticed a necromancer
  1134 | D        | Killed a wight
  1135 | D        | Noticed a shadow
  1135 | D        | Noticed a necrophage
  1135 | D        | Noticed a skeletal warrior
  1135 | D        | Killed a vampire mage
  1136 | D        | Noticed a shadow
  1136 | D        | Noticed a necromancer
  1136 | D        | Noticed a necrophage
  1137 | D        | Killed a wight
  1138 | D        | Noticed a necrophage
  1142 | D        | Killed a necrophage
  1142 | D        | Killed a necrophage
  1143 | D        | Killed a shadow
  1144 | D        | Killed a necromancer
  1145 | D        | Killed a shadow
  1145 | D        | Killed a necromancer
  1145 | D        | Reached skill level 11 in Invocations
  1146 | D        | Killed a necromancer
  1146 | D        | Reached skill level 20 in Fighting
  1146 | D        | Reached skill level 13 in Evocations
  1149 | D        | Killed a necrophage
  1149 | D        | Killed a shadow
  1153 | D        | Killed an ancient lich
  1153 | D        | Reached skill level 12 in Invocations
  1153 | D        | Reached skill level 14 in Evocations
  1153 | D        | Reached XP level 14. HP: 146/149 MP: 21/23
  1156 | D        | Killed a skeletal warrior
  1200 | D        | Entered arena 16.
  1203 | D        | Noticed a manticore
  1203 | D        | Noticed a neqoxec
  1203 | D        | Noticed a neqoxec
  1203 | D        | Noticed a sea snake
  1203 | D        | Noticed a death drake
  1203 | D        | Noticed a redback
  1203 | D        | Noticed a green very ugly thing
  1203 | D        | a manticore changed into a redback
  1204 | D        | Noticed a slime creature
  1204 | D        | Noticed a purple very ugly thing
  1204 | D        | Noticed a lindwurm
  1204 | D        | Noticed a hornet
  1204 | D        | Noticed a fire crab
  1204 | D        | Noticed a fire crab
  1204 | D        | Noticed a torpor snail
  1204 | D        | a torpor snail changed into a shock serpent
  1206 | D        | a death drake changed into a tarantella
  1206 | D        | a redback changed into a guardian serpent
  1207 | D        | a slime creature changed into a sea snake
  1208 | D        | a sea snake changed into a water nymph
  1210 | D        | Killed a hornet
  1211 | D        | Killed a neqoxec
  1211 | D        | Killed a fire crab
  1211 | D        | Reached skill level 21 in Fighting
  1212 | D        | Killed a neqoxec
  1212 | D        | Reached skill level 13 in Shields
  1212 | D        | a lindwurm changed into a sea snake
  1214 | D        | Killed a fire crab
  1216 | D        | Killed a purple very ugly thing
  1218 | D        | Killed a purple very ugly thing
  1218 | D        | Reached skill level 14 in Shields
  1224 | D        | Reached skill level 15 in Evocations
  1230 | D        | Got the ring "Hillacs" {+Fly rPois}
  1242 | D        | Entered arena 17.
  1243 | D        | Noticed a vampire
  1246 | D        | Noticed an ice devil
  1246 | D        | Noticed a flying skull
  1246 | D        | Noticed an ice beast
  1246 | D        | Noticed a wight
  1247 | D        | Noticed an ice devil
  1247 | D        | Noticed a vampire
  1247 | D        | Noticed a wight
  1249 | D        | Killed a vampire
  1253 | D        | Killed an ice devil
  1253 | D        | Killed a flying skull
  1255 | D        | Killed a vampire
  1256 | D        | Killed an ice devil
  1257 | D        | Killed a wight
  1257 | D        | Killed an ice beast
  1260 | D        | Killed a wight
  1274 | D        | Got the +6 trident "Imorapp" {flame, Dex+3}
  1278 | D        | Entered arena 18.
  1286 | D        | Noticed an ogre
  1286 | D        | Noticed an orc warlord
  1286 | D        | Noticed an orc knight
  1286 | D        | Noticed an orc warrior
  1287 | D        | Noticed an orc knight
  1287 | D        | Noticed an orc priest
  1287 | D        | Noticed an orc knight
  1287 | D        | Noticed an orc sorcerer
  1288 | D        | Noticed an orc knight
  1288 | D        | Noticed an orc wizard
  1288 | D        | Noticed a troll
  1289 | D        | Noticed an orc knight
  1291 | D        | Killed an ogre
  1293 | D        | Killed an orc knight
  1294 | D        | Killed an orc knight
  1294 | D        | Reached skill level 15 in Shields
  1295 | D        | Killed a troll
  1297 | D        | Killed an orc knight
  1297 | D        | Killed an orc priest
  1297 | D        | Killed an orc sorcerer
  1297 | D        | Killed an orc wizard
  1301 | D        | Killed an orc knight
  1302 | D        | Killed an orc knight
  1306 | D        | Killed an orc warrior
  1306 | D        | Reached skill level 22 in Fighting
  1308 | D        | Killed an orc warlord
  1313 | D        | Entered arena 19.
  1325 | D        | Noticed an angel
  1325 | D        | Noticed an angel
  1325 | D        | Noticed a cherub
  1325 | D        | Noticed a cherub
  1325 | D        | Noticed a daeva
  1325 | D        | Noticed an angel
  1326 | D        | Noticed a daeva
  1326 | D        | Noticed an apis
  1326 | D        | Noticed a daeva
  1326 | D        | Noticed an ophan
  1326 | D        | Noticed a cherub
  1326 | D        | Noticed a pearl dragon
  1326 | D        | Noticed a daeva
  1329 | D        | Slain by an apis

Table legend:
 A = Turns spent in this place as a percentage of turns spent in the entire game.
 B = Non-inter-level travel turns spent in this place as a percentage of non-inter-level travel turns spent in the entire game.
 C = Inter-level travel turns spent in this place as a percentage of turns spent in this place.
 D = Turns resting spent in this place as a percentage of non-inter-level travel turns spent in this place.
 E = Turns spent auto-exploring this place as a percentage of non-inter-level travel turns spent in this place.
 F = Non-inter-level travel turns spent in this place divided by the number of levels of this place that you've seen.
                   A       B       C       D       E      F
               +-------+-------+-------+-------+-------+----------------------
         Total | 100.0 | 100.0 |   0.0 |   1.9 |   0.0 | 928.0
       Dungeon | 100.0 | 100.0 |   0.0 |   1.9 |   0.0 | 928.0
               +-------+-------+-------+-------+-------+----------------------

Table legend:
 A = Kills in this place as a percentage of kills in entire the game.
 B = Kills by you in this place as a percentage of kills by you in the entire game.
 C = Kills by friends in this place as a percentage of kills by friends in the entire game.
 D = Other kills in this place as a percentage of other kills in the entire game.
 E = Experience gained in this place as a percentage of experience gained in the entire game.
 F = Experience gained in this place divided by the number of levels of this place that you have seen.
                   A       B       C       D       E      F
               +-------+-------+-------+-------+-------+----------------------
         Total | 100.0 | 100.0 | 100.0 | 100.0 | 100.0 | 77523.0
       Dungeon | 100.0 | 100.0 | 100.0 | 100.0 | 100.0 | 77523.0
               +-------+-------+-------+-------+-------+----------------------

Vanquished Creatures
  An ancient lich (D)
  2 pandemonium lords (D)
  A lich (D)
  An eldritch tentacle (D)
  An orc warlord (D)
  A vampire knight (D)
  2 very ugly things (D)
  A lorocyproca (D)
  A yellow draconian (D)
  A white draconian (D)
  2 merfolk javelineers (D)
  3 merfolk impalers (D)
  A hydra (D)
  4 merfolk aquamancers (D)
  A vampire mage (D)
  2 fire crabs (shapeshifter) (D)
  A deep elf knight (D)
  2 ice devils (D)
  A sea snake (D)
  A sea snake (shapeshifter) (D)
  2 anubis guards (D)
  4 necromancers (D)
  2 deep elf conjurers (D)
  A hornet (shapeshifter) (D)
  A water nymph (D)
  A salamander (shapeshifter) (D)
  A sixfirhy (D)
  4 orc knights (D)
  2 sirens (D)
  4 draconians (D)
  An octopode (shapeshifter) (D)
  A rust devil (D)
  A black mamba (D)
  A komodo dragon (D)
  A smoke demon (D)
  A yaktaur (shapeshifter) (D)
  A blue devil (D)
  2 trolls (D)
  2 guardian mummies (D)
  2 merfolk (shapeshifter) (D)
  4 merfolk (D)
  2 wind drakes (D)
  A snapping turtle (D)
  A flying skull (D)
  5 shadows (D)
  2 spriggans (D)
  A deep elf mage (D)
  A tarantella (shapeshifter) (D)
  2 water elementals (D)
  3 vampires (D)
  A chaos spawn (D)
  2 wolves (D)
  3 neqoxecs (D)
  2 nagas (D)
  2 water moccasins (D)
  An ice beast (D)
  4 ogres (D)
  An orc warrior (D)
  A black bear (D)
  A centaur (D)
  An eye of draining (shapeshifter) (D)
  6 necrophages (D)
  6 wights (D)
  2 crimson imps (D)
  2 quasits (D)
  3 sheep (D)
  2 mummies (D)
  2 adders (D)
  An ufetubus (D)
  2 adder zombies (D)
  2 adder skeletons (D)
  An adder simulacrum (D)
  4 orcs (D)
  2 bat skeletons (D)
  2 bat zombies (D)
  A jackal (D)
  A ball python skeleton (D)
  A ball python zombie (D)
  A giant cockroach zombie (D)
147 creatures vanquished.

Vanquished Creatures (collateral kills)
  An Ice Fiend (D)
  A blizzard demon (D)
  A merfolk javelineer (D)
  2 merfolk impalers (D)
  A skeletal warrior (D)
  An orc knight (D)
  A sixfirhy (D)
  An orc sorcerer (D)
  A troll (D)
  A chaos spawn (D)
  A naga (D)
  An orc wizard (D)
  An orc priest (D)
  A mummy (D)
  A white imp (D)
  4 orcs (D)
20 creatures vanquished.

Vanquished Creatures (others)
  A sixfirhy (D)
  6 eldritch tentacle segments (D)
7 creatures vanquished.

Grand Total: 174 creatures vanquished
